 Dungeon Crawl Stone Soup version 0.30.1 (webtiles) character file.

Game seed: 7465748607924373822

121 GilGalad the Covered (level 4, -5/40 HPs)
             Began as an Armataur Fighter on July 7, 2023.
             Killed from afar by Ijyb (9 damage)
             ... with a puff of flame
             ... on level 3 of the Dungeon.
             The game lasted 00:04:50 (2274 turns).

GilGalad the Covered (Armataur Fighter)             Turns: 2274, Time: 00:04:51

Health: -5/40      AC:  7    Str: 23    XL:     4   Next: 77%
Magic:  4/4        EV:  7    Int:  9    God:
Gold:   114        SH:  0    Dex:  9    Spells: 3/3 levels left

rFire   . . .        s - +2 halberd (venom)
rCold   . . .        (shield currently unavailable)
rNeg    . . .        b - +0 scale mail
rPois   .            (no helmet)
rElec   .            (no cloak)
rCorr   .            (no gloves)
SInv    .            (no barding)
Will    .....        (no amulet) Stlth
                     l - ring of flight
HPRegen 0.26/turn    (no ring)
MPRegen 0.09/turn

%: roll
@: flying
A: large, rugged brown scales 3, deformed body, armoured tail, roll, long
tongue, awkward tongue
a: no special abilities


You were on level 3 of the Dungeon.
You visited 1 branch of the dungeon, and saw 3 of its levels.

You collected 114 gold pieces.

Inventory:

Hand Weapons
 a - a +0 flail
 s - a +2 halberd of venom (weapon)
Armour
 b - a +0 scale mail (worn)
 c - a +0 buckler
Jewellery
 l - a ring of flight (left hand)
Wands
 m - a wand of mindburst (20)
 p - a wand of polymorph (13)
Scrolls
 e - 4 scrolls of identify {unknown}
 f - 2 scrolls of blinking {unknown}
 g - a scroll of enchant weapon {unknown}
 i - a scroll of fog {unknown}
 j - a scroll of noise {unknown}
 n - a scroll of teleportation {unknown}
 q - a scroll of acquirement {unknown}
 r - a scroll of vulnerability {unknown}
 v - 2 scrolls of enchant armour {unknown}
 w - a scroll of fear {unknown}
Potions
 d - a potion of might
 h - 2 potions of heal wounds {unknown}
 k - 2 potions of haste {unknown}
 o - a potion of invisibility {unknown}
 t - a potion of ambrosia {unknown}
 u - a potion of lignification {unknown}


   Skills:
 + Level 3.3 Fighting
 + Level 3.1 Maces & Flails
 + Level 4.3 Armour
 + Level 0.2 Dodging
 + Level 1.0 Stealth
 + Level 3.6 Shields


You had 3 spell levels left.
You didn't know any spells.
Your spell library contained the following spells:

 Spells                   Type           Power      Damage    Failure   Level
 Petrify                  Tmut/Erth      0%         N/A       100%        4
 Metabolic Englaciation   Hex/Ice        0%         N/A       100%        5
 Statue Form              Tmut/Erth      0%         N/A       100%        6


Dungeon Overview and Level Annotations

Branches:
Dungeon (3/15)

Altars:

Shops:
D:1 *

Annotations:
D:3 Ijyb


Innate Abilities, Weirdness & Mutations

You are completely covered in rugged brown scales. (AC +3, +7% HP)
Armour fits poorly on your strangely shaped body.
You have a long armoured tail.
You roll when moving toward enemies. (Rampage)
Your long tongue fully drains potion bottles. (2x potion effects)
Your tongue gives you trouble enunciating. (1.5x scroll delay)


Message History

The frilled lizard barely misses you.
You miss the frilled lizard.
The frilled lizard closely misses you. x2
You closely miss the frilled lizard. You tail-slap the frilled lizard.
You kill the frilled lizard!
No target in view!
You now have 114 gold pieces (gained 17).
w - a scroll labelled OSHRYR JAKYIRR Ijyb the Twisted Goblin comes into view.
She is wielding a +0 dagger and carrying a wand of flame (16).
Ijyb shouts!
You roll towards Ijyb!
You roll towards Ijyb!
Ijyb hits you but does no damage.
You hit Ijyb but do no damage.
Ijyb is poisoned.
Ijyb zaps a wand.
The puff of flame hits you. Ijyb closely misses you.
You closely miss Ijyb. Ijyb hits you with a +0 dagger.
You closely miss Ijyb.
Ijyb is lightly wounded.
Ijyb hits you but does no damage. Ijyb barely misses you.
Ijyb zaps a wand.
The puff of flame hits you!
You reach to attack!
You hit Ijyb but do no damage.
Ijyb is moderately wounded.
Ijyb zaps a wand.
The puff of flame hits you.
You reach to attack!
You closely miss Ijyb.
Ijyb is moderately wounded.
Ijyb barely misses you.
You barely miss Ijyb.
Ijyb is heavily wounded.
Ijyb looks more healthy.
Ijyb zaps a wand.
The puff of flame hits you!
You are too injured to fight recklessly!
You are too injured to fight recklessly!
You hit Ijyb.
Ijyb is severely wounded.
Ijyb hits you but does no damage. Ijyb barely misses you.
You completely miss Ijyb.
Ijyb is severely wounded.
Ijyb zaps a wand.
The puff of flame hits you!
* * * LOW HITPOINT WARNING * * *
Ijyb zaps a wand.
The puff of flame hits you.
* * * LOW HITPOINT WARNING * * *
Ijyb zaps a wand.
The puff of flame hits you!
You die...

#...# ####...###### #########
............## ###.......#
.##########..#####
#.#.......#
###.........#####.#.......##
........................)....
##........##.#####.#.......#
#........##.# ###.#.†.[...#
#........##@# #.....#######
.....##...g#.# #.....# ####
...## #....#.###(....# #...
.. #....g.....#.### #...
#....#.##....# #...
#....#.....#.#######...
#....#.##..#...........
######.##.(....#####...
#..#..###.##......


You could see Ijyb.

Vanquished Creatures
  An adder (D:2)
  5 gnolls
  3 dart slugs
  4 ball pythons
  5 bats
  5 endoplasms
  5 giant cockroaches
  4 hobgoblins
  2 jackals (D:2)
  3 quokkas
  2 frilled lizards
  7 goblins
  7 kobolds
  3 rats
56 creatures vanquished.

Notes
Turn   | Place    | Note
-------+----------+-------------------------------------------
     0 | D:1      | GilGalad the Armataur Fighter began the quest for the Orb.
     0 | D:1      | Reached XP level 1. HP: 19/19 MP: 1/1
   104 | D:1      | Reached XP level 2. HP: 26/26 MP: 2/2
   310 | D:1      | Found a transporter.
   312 | D:1      | Found Hogget's General Store.
   314 | D:1      | Found a transporter.
   341 | D:1      | Reached skill level 4 in Armour
   428 | D:1      | Reached XP level 3. HP: 33/33 MP: 3/3
  1513 | D:2      | Reached XP level 4. HP: 35/40 MP: 4/4
  1618 | D:2      | Reached skill level 1 in Stealth
  2248 | D:3      | Noticed Ijyb
  2268 | D:3      | HP: 2/40 [Ijyb/puff of flame (5)]
  2274 | D:3      | Killed from afar by Ijyb

Illustrated notes

Levels and vault maps discovered:
D:1:      dpeg_arrival_tiny_k, layout_basic, serial_shops,
          nicolae_shop_drivethru, patterned_corridor
D:2:      layout_rooms
D:3:      layout_basic, lemuel_blue_sif_altar, nicolae_uskayaw_suspiria,
          minivault_19, uniq_ijyb

Skill      XL: |  1  2  3  4 |
---------------+-------------+-----
Fighting       | 3 |  3.3
Armour         | 4 |  4.3
Maces & Flails | 2 3 |  3.1
Stealth        | 1 |  1.0
Dodging        | |  0.2
Shields        | |  3.6

Action                     |  1- 3 |  4- 6 || total
---------------------------+-------+-------++-------
  Melee: Flail             |    95 |    24 ||   119
         Tailslap          |     5 |     3 ||     8
         Halberd           |       |    21 ||    21
 Armour: Scale mail        |    53 |    23 ||    76
  Dodge: Dodged            |    32 |    18 ||    50
  Block: Buckler           |    25 |     3 ||    28
